 Dungeon Crawl Stone Soup version 0.19.5 (webtiles) character file.

5964 greprep the Cleaver (level 10, -6/90 HPs)
             Began as a Minotaur Monk on Apr 30, 2017.
             Was an Elder of the Shining One.
             Mangled by a brown ugly thing (14 damage)
             ... on level 11 of the Dungeon.
             The game lasted 00:32:28 (7740 turns).

greprep the Cleaver (Minotaur Monk)                 Turns: 7740, Time: 00:32:29

Health: -6/90      AC:  5    Str: 18    XL:     10   Next: 54%
Magic:  9/9        EV: 16    Int:  3    God:    the Shining One [****..]
Gold:   228        SH:  0    Dex: 14    Spells: 0 memorised, 9 levels left

rFire  . . .     SeeInvis .     x - +0 battleaxe
rCold  + . .     Gourm    .     s - +6 leather armour of Zin's Pride {*Drain rElec Regen+ Int-4}
rNeg   + + .     Faith    .     (shield currently unavailable)
rPois  .         Spirit   .     (helmet restricted)
rElec  +         Reflect  .     (no cloak)
rCorr  .         Harm     .     A - +1 pair of gloves
MR     .....                    e - +0 pair of boots
Stlth  +.........               G - amulet of magic regeneration
                                c - ring of ice
                                t - ring of protection from fire

@: corroded, glowing
A: retaliatory headbutt, horns 2
a: Divine Shield, Cleansing Flame, Renounce Religion


You were on level 11 of the Dungeon.
You worshipped the Shining One.
The Shining One was greatly pleased with you.
You were not hungry.

You visited 1 branch of the dungeon, and saw 10 of its levels.

You collected 412 gold pieces.
You spent 184 gold pieces at shops.

Inventory:

Hand Weapons
 x - a +0 battleaxe (weapon)
 H - a +1 dagger of flaming
Armour
 e - a +0 pair of boots (worn)
 s - the +6 leather armour of Zin's Pride (worn) {*Drain rElec Regen+ Int-4}
   (You bought it in a shop on level 4 of the Dungeon)

   It affects your intelligence (-4).
   It insulates you from electricity.
   It increases your rate of regeneration.
   It causes draining when unequipped.
 v - the +1 ring mail "Edduy" {SInv}
   (You found it on level 6 of the Dungeon)

   It lets you see invisible.
 y - a +1 leather armour of cold resistance
 A - a +1 pair of gloves (worn)
Jewellery
 c - a ring of ice (right hand)
 t - a ring of protection from fire (left hand)
 G - an amulet of magic regeneration (around neck)
Wands
 B - a wand of iceblast (8/15)
 F - a wand of lightning (5/15)
Scrolls
 b - 2 scrolls of immolation {unknown}
 d - 3 scrolls of recharging {unknown}
 j - a scroll of enchant armour {unknown}
 k - 4 scrolls of remove curse
 m - a scroll of blinking {unknown}
 n - 3 scrolls of enchant weapon {unknown}
 o - 2 scrolls of magic mapping {unknown}
 p - 5 scrolls of identify {unknown}
 w - a scroll of amnesia {unknown}
 C - 2 scrolls of teleportation {unknown}
Potions
 g - a potion of flight {unknown}
 h - a potion of might {unknown}
 l - 2 potions of lignification {unknown}
 q - a potion of invisibility {unknown}
 z - 3 potions of magic {unknown}
 D - a potion of cancellation {unknown}
Comestibles
 a - 4 bread rations
 f - 5 fruits
 i - 2 slices of pizza
 r - 2 royal jellies
 u - 2 beef jerkies


   Skills:
 + Level 8.7 Fighting
 + Level 13.4 Axes
 + Level 6.8 Armour
 + Level 7.4 Dodging
 + Level 3.3 Stealth
 + Level 1.0 Invocations


You had 9 spell levels left.
You didn't know any spells.

Dungeon Overview and Level Annotations

Branches:
Dungeon (11/15)
 Temple: D:4-7         Lair: D:8-11         Orc: D:9-12

Altars:
Fedhas
Ru
Sif Muna
Yredelemnul
The Shining One

Shops:
D:4 *   D:5 (*


Innate Abilities, Weirdness & Mutations

You reflexively headbutt those who attack you in melee.
You have a pair of horns on your head.


Message History

The brown ugly thing is severely wounded.
The brown ugly thing completely misses you.
You furiously retaliate!
You headbutt the brown ugly thing! You hit the brown ugly thing.
The brown ugly thing is severely wounded.
The brown ugly thing pecks you!
You are splashed with acid!
The acid burns!
* * * LOW HITPOINT WARNING * * *
You slash the brown ugly thing!
The brown ugly thing is almost dead.
The brown ugly thing closely misses you.
You furiously retaliate!
You headbutt the brown ugly thing.
You hit the brown ugly thing but do no damage.
The brown ugly thing is almost dead.
The brown ugly thing pecks you!
* * * LOW HITPOINT WARNING * * *
You are splashed with acid!
The acid burns!
* * * LOW HITPOINT WARNING * * *
There is a stone staircase leading down here.
The brown ugly thing pecks you!
You die...

######### ##### ########
........# #.....#......#
........####.###.#.####.###
............u@.#.#.# #....#
........####...#.#.###..#.#
######### #...#........#.####
#.......####.#.#...
##..##.........#.##
#..##)####.####<##
############.......##........
#..............#.#.##########
#####.##########.#.#.#.# #


You could see a brown ugly thing.

Vanquished Creatures
  A cyclops (D:11)
  The ghost of Turgon the Sneak, a novice OpWz (D:5)
  Grinder (D:4)
  7 yaks (D:11)
  Eustachio (D:6)
  A hungry ghost (D:7)
  A steam dragon (D:11)
  4 orc warriors
  A sky beast (D:5)
  2 ice beasts (D:5)
  A black bear (D:6)
  3 ogres
  6 centaurs
  A big kobold (D:9)
  6 bullfrogs
  2 scorpions
  A water moccasin skeleton (D:7)
  3 wights (D:9)
  A bullfrog zombie (D:6)
  5 crimson imps
  A centaur zombie (D:5)
  2 quasits
  A jelly (D:5)
  11 orc wizards
  7 orc priests
  2 bullfrog skeletons
  A centaur skeleton (D:7)
  7 hounds
  Natasha (thrice) (D:3)
  3 worker ants
  A killer bee zombie (D:7)
  Robin (D:4)
  4 gnolls (D:4)
  10 adders
  3 shadow imps
  An ooze (D:3)
  3 dart slugs
  4 leopard geckos
  36 orcs
  4 bats
  4 giant cockroaches
  17 goblins
  6 hobgoblins
  13 jackals
  3 quokkas
  5 frilled lizards
  A goblin skeleton (D:5)
  3 hobgoblin zombies (D:5)
  A jackal skeleton (D:6)
  9 kobolds
  3 kobold skeletons (D:5)
  2 kobold zombies (D:5)
  A leopard gecko zombie (D:5)
  An orc zombie (D:5)
  A quokka skeleton (D:6)
  A quokka zombie (D:9)
  5 rats
230 creatures vanquished.

Vanquished Creatures (others)
  An orc wizard (D:10)
1 creature vanquished.

Grand Total: 231 creatures vanquished

Notes
Turn   | Place    | Note
-------+----------+-------------------------------------------
     0 | D:1      | greprep the Minotaur Monk began the quest for the Orb.
     0 | D:1      | Reached XP level 1. HP: 19/19 MP: 0/0
   155 | D:1      | Found a deep blue altar of Sif Muna.
   281 | D:1      | Reached XP level 2. HP: 27/27 MP: 1/1
   418 | D:1      | Reached skill level 4 in Axes
   674 | D:2      | Reached XP level 3. HP: 28/33 MP: 2/2
  1365 | D:2      | Reached XP level 4. HP: 35/40 MP: 3/3
  1547 | D:3      | Noticed Natasha
  1566 | D:3      | Killed Natasha
  1566 | D:3      | Reached skill level 1 in Armour
  1682 | D:3      | Noticed Natasha
  1694 | D:3      | Reached skill level 5 in Axes
  1705 | D:3      | Killed Natasha
  1705 | D:3      | Reached XP level 5. HP: 25/46 MP: 4/4
  1819 | D:3      | Noticed Natasha
  1828 | D:3      | Killed Natasha
  2157 | D:3      | Reached XP level 6. HP: 51/53 MP: 5/5
  2730 | D:4      | Noticed Grinder
  2738 | D:4      | Paralysed by Grinder for 7 turns
  2753 | D:4      | Killed Grinder
  2753 | D:4      | Reached skill level 5 in Fighting
  2753 | D:4      | Reached skill level 6 in Axes
  2753 | D:4      | Reached XP level 7. HP: 37/61 MP: 6/6
  2972 | D:4      | Reached skill level 5 in Armour
  3671 | D:4      | Found Taapafas's Assorted Antiques.
  3677 | D:4      | Bought a scroll labeled YNEOLU ORONG for 23 gold pieces
  3677 | D:4      | Bought a brightly glowing leather armour for 161 gold pieces
  3690 | D:4      | Identified the +6 leather armour of Zin's Pride {*Drain rElec Regen+ Int-4} (You bought it in a shop on level 4 of the Dungeon)
  3916 | D:4      | Noticed Robin
  3949 | D:4      | Killed Robin
  3949 | D:4      | Reached skill level 7 in Axes
  4221 | D:5      | Entered Level 5 of the Dungeon
  4291 | D:5      | Reached XP level 8. HP: 52/70 MP: 7/7
  4294 | D:5      | Reached skill level 8 in Axes
  4395 | D:5      | Found a glowing golden altar of the Shining One.
  4413 | D:5      | Noticed Turgon's ghost (novice OpWz)
  4465 | D:5      | Killed Turgon's ghost
  4465 | D:5      | Reached skill level 5 in Dodging
  4476 | D:5      | Became a worshipper of the Shining One
  4476 | D:5      | Reached * piety under the Shining One
  4476 | D:5      | Reached ** piety under the Shining One
  4539 | D:5      | Reached skill level 9 in Axes
  4678 | D:5      | Found Ummul's Antique Weapon Shop.
  4913 | D:5      | Found Coschis's Assorted Antiques.
  5019 | D:6      | Got a jewelled ring mail
  5030 | D:6      | Identified the +1 ring mail "Edduy" {SInv} (You found it on level 6 of the Dungeon)
  5051 | D:6      | Reached skill level 10 in Axes
  5052 | D:6      | Reached XP level 9. HP: 51/78 MP: 8/8
  5105 | D:6      | Noticed Eustachio
  5134 | D:6      | Killed Eustachio
  5413 | D:6      | Found a sacrificial altar of Ru.
  5427 | D:6      | Found a blossoming altar of Fedhas.
  5428 | D:6      | Found a basalt altar of Yredelemnul.
  5490 | D:6      | Found a blossoming altar of Fedhas.
  5768 | D:6      | Reached skill level 11 in Axes
  5953 | D:7      | Reached *** piety under the Shining One
  6208 | D:7      | Found Leaxtausoh's Weapon Shoppe.
  6231 | D:7      | You fall through a shaft for 2 floors!
  6764 | D:9      | Reached skill level 12 in Axes
  7000 | D:10     | Entered Level 10 of the Dungeon
  7009 | D:10     | Reached **** piety under the Shining One
  7022 | D:10     | Reached XP level 10. HP: 72/88 MP: 5/9
  7238 | D:11     | Noticed a cyclops
  7246 | D:11     | Killed a cyclops
  7374 | D:11     | Reached skill level 1 in Invocations
  7383 | D:11     | Reached skill level 13 in Axes
  7720 | D:11     | Noticed a brown ugly thing
  7735 | D:11     | HP: 4/90 [acid (10)]
  7740 | D:11     | Mangled by a brown ugly thing

Skill      XL: |  1  2  3  4  5  6  7  8  9 10 |
---------------+-------------------------------+-----
Axes           | 4 5 6 7 10 12 13 | 13.4
Fighting       | 4 5 6 8 |  8.7
Stealth        | 2 3 |  3.3
Armour         | 2 3 4 6 |  6.8
Dodging        | 4 5 6 7 |  7.4
Invocations    | 1 |  1.0

Action                   |  1- 3 |  4- 6 |  7- 9 | 10-12 || total
-------------------------+-------+-------+-------+-------++-------
Melee: Hand axe          |    77 |   123 |   317 |       ||   517
       Headbutt          |    14 |    19 |    73 |    14 ||   120
       Battleaxe         |       |       |   124 |    77 ||   201
Invok: Divine Shield     |       |       |     2 |     1 ||     3
  Use: Potion            |       |     5 |       |     1 ||     6
       Scroll            |       |       |     4 |       ||     4
 Stab: Sleeping          |     2 |       |     2 |       ||     4
  Eat: Bread ration      |       |     1 |     2 |       ||     3
       Chunk             |       |     2 |     6 |       ||     8
       Pizza             |       |       |     1 |       ||     1
       Meat ration       |       |       |       |     1 ||     1
Armor: Scale mail        |    12 |       |       |       ||    12
       Chain mail        |    33 |    80 |     8 |       ||   121
       Leather armour    |       |       |   159 |    18 ||   177
Dodge: Dodged            |    38 |    48 |   297 |    59 ||   442
Block: Other             |       |       |     5 |     1 ||     6
